AoeStats
← Long John Silver

Socotra

505501513Analyzed
4v4 RM · 23d ago on Sep 9, 2026· 24m 45s· 8 players
Game mode
Random Map
Map size
148×148
Population
200
Speed
Normal
Resources
Standard
Victory
Conquest
Starting age
Dark Age
Ending age
Imperial Age
RankedLock teamsTeams togetherTeam positionsShared explorationLock speedFull tech treeHidden civsTurbo modeCheats
Victory
Defeat
🇩🇪 Ethiopians · Germany
1449
+12
🇬🇧 Shu · United Kingdom
1412
+14
🇫🇷 Inca · France
1393
+14
🇩🇪 Chinese · Germany
1343
+17
🇩🇪 Berbers · Germany
1484
-19
🇩🇪 Magyars · Germany
1355
-14
🇩🇪 Bengalis · Germany
1334
-13
🇩🇪 Britons · Germany
1269
-11
The REAL Pepsiman
10:39 Feudal Age
14:51 Castle Age
13:30 Double-Bit Axe
13:52 Loom
fastgg
0:25 Loom
8:40 Feudal Age
9:17 Double-Bit Axe
9:30 Horse Collar
19:08 Castle Age
17:38 Scale Barding Armor
18:19 Bloodlines
18:18 Gold Mining
20:21 Chain Barding Armor
21:08 Husbandry
23:55 Bow Saw
24:45 Wheelbarrow
Fs.TchaTcha
6:25 Loom
9:20 Feudal Age
9:49 Double-Bit Axe
13:58 Fletching
15:50 Padded Archer Armor
23:11 Castle Age
21:17 Horse Collar
22:12 Gold Mining
23:29 Crossbowman
24:09 Bodkin Arrow
Long John Silver
7:00 Loom
10:04 Feudal Age
10:58 Double-Bit Axe
13:21 Fletching
21:55 Castle Age
20:19 Gold Mining
20:09 Horse Collar
22:00 Crossbowman
22:36 Bodkin Arrow
22:47 Thumb Ring
23:22 Bow Saw
24:34 Ballistics
leox
1:02 Loom
14:07 Feudal Age
18:01 Double-Bit Axe
18:22 Horse Collar
20:19 Fletching
20:30 Padded Archer Armor
_huette
7:15 Loom
9:19 Feudal Age
19:35 Horse Collar
20:33 Padded Archer Armor
AmphetaminZ7
6:21 Loom
9:26 Feudal Age
10:41 Double-Bit Axe
11:19 Fletching
16:59 Town Watch
17:44 Padded Archer Armor
23:58 Castle Age
25:10 Bodkin Arrow
hodenkobold321
5:15 Loom
9:10 Feudal Age
12:57 Double-Bit Axe
13:13 Horse Collar
21:38 Castle Age
19:38 Gold Mining
21:10 Scale Barding Armor
22:49 Chain Barding Armor
23:12 Bloodlines
23:42 Forging
25:16 Iron Casting
Connection lost

Rejoining the realm…

Still unreachable

The connection could not be restored.

Session expired

The server has moved on; the page needs a fresh start.